 Dungeon Crawl Stone Soup version 0.27-a0-417-g317cea8a3c (webtiles) character file.

Game seed: 7334643500772899289

104 jasper the Sneak (level 4, 0/23 HPs)
             Began as a Spriggan Abyssal Knight on Feb 25, 2021.
             Was a Follower of Lugonu.
             Slain by a bullfrog (6 damage)
             ... on level 4 of the Dungeon.
             The game lasted 00:03:51 (3767 turns).

jasper the Sneak (Spriggan Abyssal Knight)          Turns: 3767, Time: 00:03:51

Health: 0/23       AC:  2    Str: 14    XL:     4   Next: 52%
Magic:  6/6        EV: 18    Int: 14    God:    Lugonu [*.....]
Gold:   133        SH:  0    Dex: 14    Spells: 3/3 levels left

rFire    . . .     SeeInvis +   a - +1 short sword
rCold    . . .     Faith    .   (shield restricted)
rNeg     . . .     Spirit   .   b - +0 robe
rPois    .         Reflect  .   (helmet restricted)
rElec    .         Harm     .   (no cloak)
rCorr    .         Rampage  .   (gloves unavailable)
Will     .....                  (boots unavailable)
Stlth    +++.......             (no amulet)
HPRegen  0.07/turn              h - +6 ring of strength
MPRegen  0.10/turn              (no ring)

@: very quick
A: very small, unfitting armour, see invisible, speed 3
a: Renounce Religion, Depart the Abyss


You were on level 4 of the Dungeon.
You worshipped Lugonu.
Lugonu was aware of your devotion.
You visited 1 branch of the dungeon, and saw 4 of its levels.
You visited the Abyss 1 time.

You collected 133 gold pieces.

Inventory:

Hand Weapons
 a - a +1 short sword (weapon)
 e - a +0 dagger
Missiles
 n - 3 atropa-tipped darts
 q - 7 boomerangs (quivered)
Armour
 b - a +0 robe (worn)
Jewellery
 h - a +6 ring of strength (left hand)
Wands
 t - a wand of paralysis (10)
Scrolls
 d - a scroll of fear {unknown}
 f - a scroll of immolation {unknown}
 g - 3 scrolls of identify {unknown}
 i - 2 scrolls of enchant armour {unknown}
 r - a scroll of amnesia {unknown}
 s - a scroll of teleportation {unknown}
Potions
 c - a potion of cancellation {unknown}
 j - a potion of heal wounds {unknown}
 k - a potion of curing {unknown}
 l - 4 potions of might {unknown}
 m - a potion of invisibility {unknown}
 o - a potion of ambrosia {unknown}
 p - a potion of flight {unknown}


   Skills:
 - Level 2.4 Fighting
 + Level 4.0 Short Blades
 - Level 3.2 Dodging
 + Level 4.7 Stealth
 - Level 1.7 Invocations


You had 3 spell levels left.
You didn't know any spells.
Your spell library was empty.

Dungeon Overview and Level Annotations

Branches:
Dungeon (4/15)
 Temple: D:4-7

Altars:
Ashenzari
Fedhas
Kikubaaqudgha
Sif Muna

Annotations:
D:3 2 transporters, garrulousMonolith's ghost, weakling GnAM


Innate Abilities, Weirdness & Mutations

You are very small and have problems with some larger weapons.
You are too small for most types of armour.
You have supernaturally acute eyesight. (SInv)
You cover ground extremely quickly.


Message History

There is an open door, spattered with blood here.
g - 3 scrolls labelled WIGGET XOMIGGI (gained 1)
You open the door.
There is an open door here.
Found a blossoming altar of Fedhas.
Found an ancient bone altar of Kikubaaqudgha and a broken altar of Ashenzari.
You now have 133 gold pieces (gained 4).
Found a dagger.
A bullfrog comes into view.
Found a stone staircase leading up.
A bullfrog is nearby!
The bullfrog croaks.
You hit the bullfrog.
The bullfrog is lightly wounded.
The bullfrog completely misses you.
You hit the bullfrog.
The bullfrog is moderately wounded.
The bullfrog hits you. The bullfrog misses you.
You take 3 damage, and have 20/23 hp.
You closely miss the bullfrog.
The bullfrog is moderately wounded.
The bullfrog hits you.
You take 1 damage, and have 19/23 hp.
You hit the bullfrog.
The bullfrog is moderately wounded.
The bullfrog misses you.
You barely miss the bullfrog.
The bullfrog is moderately wounded.
The bullfrog hits you. The bullfrog barely misses you.
You take 6 damage, and have 13/23 hp.
MASSIVE DAMAGE!!
You are too injured to fight recklessly!
You hit the bullfrog.
The bullfrog is heavily wounded.
The bullfrog hits you!
* * * LOW HITPOINT WARNING * * *
You take 7 damage, and have 6/23 hp.
MASSIVE DAMAGE!!
You hit the bullfrog.
The bullfrog is severely wounded.
The bullfrog hits you.
You die...

....###.######.
...................<.
######.#########.... #.#
#... #.# ###..# ######.#
#....# ####
#......#######....#.....
............##..........
.....######.#...@F..#
..... #.##.#........
..... #.##.#....###.
.+##. #.##.#....# . #.
#.##.#....#
#.#.#.##.##.#....#
...........#....#
#####)######....# ...


You could see a bullfrog.

Vanquished Creatures
  Jessica (D:3)
  An iguana (D:4)
  A worm (D:4)
  A dart slug (D:1)
  3 leopard geckos
  4 orcs (D:3)
  5 bats
  5 giant cockroaches
  3 hobgoblins
  4 jackals (D:3)
  3 kobolds
  A frilled lizard (D:1)
  2 goblins (D:1)
  5 rats
39 creatures vanquished.

Notes
Turn   | Place    | Note
-------+----------+-------------------------------------------
     0 | Abyss:1  | jasper the Spriggan Abyssal Knight began the quest for the
                  | Orb.
     0 | Abyss:1  | Reached XP level 1. HP: 11/11 MP: 3/3
    52 | Abyss:2  | Found a hide-covered altar of Uskayaw.
    97 | Abyss:3  | Noticed a large abomination
    99 | Abyss:3  | Noticed a large abomination
    99 | Abyss:3  | Noticed a small abomination
   101 | D:1      | Escaped the Abyss
   150 | D:1      | Reached skill level 1 in Stealth
   399 | D:1      | Reached XP level 2. HP: 16/16 MP: 4/4
   457 | D:1      | Reached * piety under Lugonu
  2223 | D:3      | Reached XP level 3. HP: 15/19 MP: 5/5
  2453 | D:3      | Found a faded altar of an unknown god.
  2940 | D:3      | Found a transporter.
  2940 | D:3      | Noticed garrulousMonolith's ghost (weakling GnAM)
  3123 | D:3      | Noticed Jessica
  3129 | D:3      | Killed Jessica
  3130 | D:3      | Reached XP level 4. HP: 23/23 MP: 6/6
  3136 | D:3      | Found a shimmering blue altar of Sif Muna.
  3191 | D:3      | Found a transporter.
  3733 | D:4      | Found a blossoming altar of Fedhas.
  3735 | D:4      | Found an ancient bone altar of Kikubaaqudgha.
  3735 | D:4      | Found a broken altar of Ashenzari.
  3758 | D:4      | Noticed a bullfrog
  3767 | D:4      | Slain by a bullfrog

Illustrated notes

Levels and vault maps discovered:
D:1:      minmay_arrival_five_plusses, layout_rooms, minmay_misc_feat_pillars
D:2:      layout_basic
D:3:      layout_loops_ring, chequers_ecumenical_altar_island,
          gammafunk_ghost_mausoleum, tgw_sif
D:4:      layout_basic, chequers_temple_overflow_statue_of_worship

Skill      XL: |  1  2  3  4 |
---------------+-------------+-----
Stealth        | 1 3 4 |  4.7
Short Blades   | 3 4 |  4.0
Fighting       | |  2.4
Dodging        | |  3.2
Invocations    | |  1.7

Action                   |  1- 3 |  4- 6 || total
-------------------------+-------+-------++-------
Melee: Short sword       |    81 |    23 ||   104
       Dagger            |    62 |       ||    62
Throw: Boomerang         |    22 |     2 ||    24
Invok: Depart the Abyss  |     1 |       ||     1
 Stab: Sleeping          |     4 |       ||     4
Armor: Robe              |    17 |       ||    17
Dodge: Dodged            |    86 |    12 ||    98

Table legend: (Time is in decaauts)
 A = Elapsed time spent in this place.
 B = Non-inter-level travel time spent in this place.
 C = Inter-level travel time spent in this place.
 D = Time resting spent in this place.
 E = Time spent auto-exploring this place.
 F = Levels seen in this place.
 G = Mean time per level.
                   A        B        C        D        E       F      G
               +--------+--------+--------+--------+--------+-----+--------+
         Total |   3033 |   2946 |     87 |   1617 |    964 |   7 |  433.3 |
       Dungeon |   2969 |   2882 |     87 |   1617 |    917 |   4 |  742.2 |
         Abyss |     63 |     63 |      0 |      0 |     46 |   3 |   21.0 |
               +--------+--------+--------+--------+--------+-----+--------+

Top non-repeatable levels by time:
     D:2: 1074 daAuts
     D:3: 747 daAuts
     D:1: 674 daAuts
     D:4: 473 daAuts
 Abyss:1: 27 daAuts
 Abyss:3: 25 daAuts
 Abyss:2: 11 daAuts
